 Dungeon Crawl Stone Soup version 0.19-GnollCrawlA-1-g03664ee (webtiles) character file.

65531168 PurpleRed the Cudgeler (level 1, 19/19 HPs)
             Began as a Minotaur Berserker on Sept 2, 2016.
             Was the Champion of Trog.
             Escaped with the Orb
             ... and 15 runes!
             The game lasted 03:00:34 (21690 turns).

PurpleRed the Cudgeler (Minotaur Berserker)        Turns: 21690, Time: 03:00:35

Health: 19/19      AC: 32    Str: 21    XL:     1   Next: 0%
Magic:  9/9        EV:  1    Int:  4    God:    Trog [******]
Gold:   4418       SH: 10    Dex: 20    Spells: 0 memorised, 0 levels left

rFire  + + .     SeeInvis .     Q - +8 demon blade "Leech" {vamp, rN+ AC-3 EV-3}
rCold  + + .     Gourm    .     K - +15 Maxwell's patent armour {-Cast -Tele rElec MR+ rCorr}
rNeg   + . .     Faith    .     W - +2 shield of Resistance {rF+ rC+ MR+}
rPois  .         Spirit   +     X - +2 hat
rElec  +         Dismiss  .     x - +0 cloak of Existentialism {rF+ rC+}
rCorr  +         Reflect  .     Y - +2 pair of gloves
SustAt .         Harm     .     g - +0 pair of boots of Kodghasi {rElec Dex+6 Stlth-} (curse)
MR     ++...     NoTele   +     k - amulet of guardian spirit
Stlth  .......... NoCast   +    d - ring of magical power
                                m - +5 ring of dexterity

@:
A: retaliatory headbutt, horns 2, iridescent scales 1
a: Berserk, Trog's Hand, Brothers in Arms, Burn Spellbooks, Renounce Religion
0: Orb of Zot
}: 15/15 runes: serpentine, barnacled, slimy, silver, golden, iron, obsidian,
icy, bone, abyssal, demonic, glowing, magical, fiery, dark


You escaped.
You worshipped Trog.
Trog was exalted by your worship.
You were very full.

You visited 16 branches of the dungeon, and saw 86 of its levels.
You visited Pandemonium 4 times, and saw 50 of its levels.
You visited the Abyss 1 time.

You collected 5770 gold pieces.
You spent 1352 gold pieces at shops.

Inventory:

Hand Weapons
 N - the +10 falchion of Oroi {speed, rF+ rC+ Int+3}
   (You found it in Pandemonium)

   Attacks with this weapon are significantly faster.
   It affects your intelligence (+3).
   It protects you from fire.
   It protects you from cold.
 Q - the +8 demon blade "Leech" (weapon) {vamp, rN+ AC-3 EV-3}
   (You found it on level 7 of Gehenna)

   It inflicts no extra harm, but heals its wielder somewhat when it strikes a
   living foe.
   It affects your AC (-3).
   It affects your evasion (-3).
   It protects you from negative energy.
 S - the +5 arbalest "Quni Kiv" {penet, SInv Stlth+}
   (You found it on level 1 of the Depths)

   Ammo fired by it will pass through the targets it hits, potentially hitting
   all targets in its path until it reaches maximum range.
   It lets you see invisible.
   It makes you more stealthy.
Missiles
 e - 123 bolts
Armour
 g - the cursed +0 pair of boots of Kodghasi (worn) {rElec Dex+6 Stlth-}
   (You found it on level 3 of the Realm of Zot)

   It affects your dexterity (+6).
   It insulates you from electricity.
   It makes you less stealthy.
   It has a curse placed upon it.
 r - the +5 ring mail "Ybajohusun" {rElec rPois Regen+ Int-4}
   (You found it in Pandemonium)

   It affects your intelligence (-4).
   It insulates you from electricity.
   It protects you from poison.
   It increases your rate of regeneration.
 u - the +0 hat of Kyna {rPois rF- Regen+ rCorr}
   (You acquired it in Pandemonium)

   It makes you vulnerable to fire.
   It protects you from poison.
   It increases your rate of regeneration.
   It protects you from acid and corrosion.
 x - the +0 cloak of Existentialism (worn) {rF+ rC+}
   (You acquired it on level 13 of the Dungeon)

   It protects you from fire.
   It protects you from cold.
 C - the +5 chain mail of the Pink Corner {rElec MR+ SInv}
   (You found it on level 3 of the Crypt)

   It insulates you from electricity.
   It affects your resistance to hostile enchantments.
   It lets you see invisible.
 F - the +5 plate armour "Riepag" {rN++ Str+2 Dex+6}
   (You found it on level 2 of the Depths)

   It affects your strength (+2).
   It affects your dexterity (+6).
   It greatly protects you from negative energy.
 K - the +15 Maxwell's patent armour (worn) {-Cast -Tele rElec MR+ rCorr}
   (You found it on level 7 of the Iron City of Dis)

   It insulates you from electricity.
   It affects your resistance to hostile enchantments.
   It prevents spellcasting.
   It prevents most forms of teleportation.
   It protects you from acid and corrosion.
 M - the +2 cloak of Zaocak {Str+4 SInv}
   (You found it on level 5 of the Vaults)

   It affects your strength (+4).
   It lets you see invisible.
 W - the +2 shield of Resistance (worn) {rF+ rC+ MR+}
   (You found it on level 7 of Gehenna)

   It protects you from fire.
   It protects you from cold.
   It affects your resistance to hostile enchantments.
 X - a +2 hat (worn)
 Y - a +2 pair of gloves (worn)
Jewellery
 d - a ring of magical power (right hand)
 k - an amulet of guardian spirit (around neck)
 m - a +5 ring of dexterity (left hand)
 E - the ring of the Nine Wonders {+Fly rN+}
   (You found it on level 3 of the Crypt)

   [ring of positive energy]

   It protects you from negative energy.
   It lets you fly.
 L - the amulet of Surprise {Regen+ Str+6}
   (You found it on level 5 of the Vaults)

   [amulet of regeneration]

   It affects your strength (+6).
   It increases your rate of regeneration.
 R - a +3 ring of slaying
Wands
 f - a wand of iceblast (0/15)
 q - a wand of slowing (47/48)
 v - a wand of disintegration (2/24)
 z - a wand of paralysis (7/24)
 B - a wand of teleportation (5/9)
 H - a wand of lightning (8/15)
Scrolls
 j - 8 scrolls of fear
 n - a scroll of enchant weapon
 o - 7 scrolls of blinking
 p - 4 scrolls of remove curse
 s - 2 scrolls of immolation
 w - 7 scrolls of identify
 y - 5 scrolls of teleportation
 A - 4 scrolls of enchant armour
 D - 4 scrolls of recharging
 T - a scroll of summoning
Potions
 a - 5 potions of agility
 h - 3 potions of cancellation
 i - 6 potions of magic
 l - 4 potions of haste
 t - 6 potions of might
 G - 6 potions of curing
 I - 4 potions of flight
 J - 3 potions of resistance
 O - 7 potions of heal wounds
 P - 4 potions of ambrosia
 Z - 2 potions of invisibility
Miscellaneous
 b - a phial of floods
 c - 4 sacks of spiders
 U - a fan of gales
 V - 3 phantom mirrors


   Skills:
 + Level 3.6 Fighting
   Level 3.6 Maces & Flails
 + Level 2.4 Armour
 + Level 2.1 Dodging


You couldn't memorise any spells.
You didn't know any spells.

Dungeon Overview and Level Annotations

Branches:
Dungeon (15/15)              Lair (6/6) D:8          Shoals (4/4) Lair:3
  Snake (4/4) Lair:2        Slime (5/5) Lair:5          Orc (2/2) D:10
    Elf (0/3) Orc:2        Vaults (5/5) D:13          Crypt (3/3) Vaults:3
   Tomb (3/3) Crypt:3      Depths (5/5) D:15           Hell (1/1)
    Dis (7/7) Hell            Geh (7/7) Hell            Coc (7/7) Hell
    Tar (7/7) Hell            Zot (5/5) Depths:5
 Temple: D:1-2

Altars:
Fedhas
Kikubaaqudgha
Trog
Beogh
Jiyva
Lugonu

Shops:
Orc:2 %*=!   Vaults:5 !

Portals:
Hell: Depths:1 Depths:2 Depths:3 Depths:4 Depths:5
Abyss: Depths:1 Depths:2 Depths:4
Pandemonium: Depths:3


Innate Abilities, Weirdness & Mutations

You reflexively headbutt those who attack you in melee.
You have a pair of horns on your head.
You are partially covered in iridescent scales. (AC +2)


Message History

Trog accepts your kill.
Gnolls that are here:
an gnoll spear; a scale mail; a buckler You see here 7 stones.
You see here a club.
There is a stone staircase leading up here.
You climb upwards.
The gnoll shouts!
There is a stone staircase leading down here.
You hit the gnoll. Your headbutt misses the gnoll.
The gnoll is lightly wounded.
You block the gnoll's attack. x2
There is a stone staircase leading up here.
Gnoll climb upwards.
There is a stone staircase leading down here.
There is an open door here.
A gnoll comes into view. It is wielding a gnoll.
There is an open door gnoll.
There is a staircase leading out of the dungeon here.
You have escaped!

# # ####### # # ..... . #. #
#...# #.#.######## # #...#
#.#........# #...#
#..#.#.#.#.# #...#
#.#.#.#.#..# #...#
#..#.#.#.#.#
#...###.#.#@#.#..#
####.....#.#.#.#.# #####
#....#.#.#.#..#
%.>.#####.....#)#.#.#.#
....g..g'....#.#.#.#..########
....#####......###.#.(.......#
....# #.....)# #....######.#
....# #......# ###.......#.#
...## #......# #...###.#.# ..


There were no monsters in sight!

Vanquished Creatures
  7 gnoll sergeants
  3 gnoll shamans
  1019 gnolls
  The ghost of PurpleRed the Cudgeler, a weakling MiBe of Trog (D:5)
  The ghost of PurpleRed the Cudgeler, a weakling VSBe of Trog (D:9)
  36 gnoll simulacra
  171 gnoll skeletons
  35 gnoll zombies
  A fungus (Lair:6)
  5 plants
1279 creatures vanquished.

Vanquished Creatures (collateral kills)
  7 gnoll sergeants
  5 gnolls
12 creatures vanquished.

Vanquished Creatures (others)
  2 eldritch tentacles
  26 gnolls
  A gnoll skeleton (Tomb:2)
29 creatures vanquished.

Grand Total: 1320 creatures vanquished

Notes
Turn   | Place    | Note
-------+----------+-------------------------------------------
     0 | D:1      | PurpleRed the Minotaur Berserker began the quest for the Orb.
     0 | D:1      | Reached XP level 1. HP: 19/19 MP: 0/0
   580 | D:5      | Entered Level 5 of the Dungeon
   584 | D:5      | Noticed PurpleRed's ghost (weakling MiBe)
   593 | D:5      | Killed PurpleRed's ghost
   770 | D:5      | Reached ** piety under Trog
   985 | D:8      | HP: 1/28 [gnoll/spear (6)]
  1129 | D:9      | Noticed PurpleRed's ghost (weakling VSBe)
  1142 | D:9      | Killed PurpleRed's ghost
  1217 | D:10     | Entered Level 10 of the Dungeon
  1258 | D:10     | Identified a scroll of acquirement
  1340 | D:10     | Got a tattered robe
  1765 | D:13     | Got a scorched cloak
  1776 | D:13     | Identified the +0 cloak of Existentialism {rF+ rC+} (You acquired it on level 13 of the Dungeon)
  1877 | D:13     | Found a gate to the Vaults.
  1890 | Vaults:1 | Entered Level 1 of the Vaults
  2116 | Vaults:2 | Reached *** piety under Trog
  3081 | Vaults:3 | Reached **** piety under Trog
  3298 | Vaults:3 | Found a staircase to the Crypt.
  3303 | Crypt:1  | Entered Level 1 of the Crypt
  3423 | Crypt:3  | Entered Level 3 of the Crypt
  3568 | Crypt:3  | Found an ancient bone altar of Kikubaaqudgha.
  3827 | Crypt:3  | Found a staircase to the Tomb.
  3887 | Tomb:1   | Entered Level 1 of the Tomb of the Ancients
  4538 | Tomb:1   | Got a faintly humming scale mail
  4600 | Tomb:3   | Entered Level 3 of the Tomb of the Ancients
  4699 | Tomb:3   | Got a warped spear
  4704 | Tomb:3   | Got a warped gossamer ring
  4718 | Tomb:3   | Got a steaming marble ring
  4763 | Tomb:3   | Got a twisted quarterstaff
  4764 | Tomb:3   | Identified the cursed +3 spear "Van Kepnyll" {drain, *Noise +Fly Dex+3} (You found it on level 3 of the Tomb of the Ancients)
  4775 | Tomb:3   | Identified the +6 scale mail "Nudgh" {rN+ rCorr} (You found it on level 1 of the Tomb of the Ancients)
  4798 | Tomb:3   | Identified the ring of Conflict {rN+ Int-2 Dex+3 SInv Stlth+} (You found it on level 3 of the Tomb of the Ancients)
  4800 | Tomb:3   | Identified the ring "Jilel" {rElec rPois Str+2 SInv Stlth-} (You found it on level 3 of the Tomb of the Ancients)
  4827 | Tomb:3   | Identified the +5 quarterstaff of the Hero {freeze, Dex+6} (You found it on level 3 of the Tomb of the Ancients)
  4931 | Tomb:3   | Got a golden rune of Zot
  5000 | Tomb:3   | Got a bronze scale mail
  5180 | Tomb:3   | Identified the cursed +1 scale mail "Vipuiciw" {rPois Str-5 Int+4 Dex+7} (You found it on level 3 of the Tomb of the Ancients)
  5395 | Crypt:3  | Got a translucent chain mail
  5430 | Crypt:3  | Got a slimy steel ring
  5430 | Crypt:3  | Got a glittering bronze ring
  5434 | Crypt:3  | Got a faintly glowing long sword
  5572 | Vaults:3 | Identified the +5 chain mail of the Pink Corner {rElec MR+ SInv} (You found it on level 3 of the Crypt)
  5577 | Vaults:3 | Identified a +0 rod of shadows (12/12) (You found it on level 3 of the Crypt)
  5578 | Vaults:3 | Identified the +4 long sword "Neotuifo" {flame, rElec Str+3 Int+4 Dex-3} (You found it on level 3 of the Crypt)
  5657 | Vaults:4 | Identified the ring of the Nine Wonders {+Fly rN+} (You found it on level 3 of the Crypt)
  5660 | Vaults:4 | Identified the ring of Miracles {rN+ MR+ Str+4 Dex-4 Stlth+} (You found it on level 3 of the Crypt)
  5668 | Vaults:5 | Entered Level 5 of the Vaults
  5668 | Vaults:5 | Noticed a gnoll sergeant
  5668 | Vaults:5 | Noticed a gnoll sergeant
  5668 | Vaults:5 | Noticed a gnoll sergeant
  5668 | Vaults:5 | Noticed a gnoll sergeant
  5668 | Vaults:5 | Noticed a gnoll sergeant
  5668 | Vaults:5 | Noticed a gnoll sergeant
  5668 | Vaults:5 | Noticed a gnoll sergeant
  5668 | Vaults:5 | Noticed a gnoll sergeant
  5668 | Vaults:5 | Noticed a gnoll sergeant
  5668 | Vaults:5 | Noticed a gnoll sergeant
  5675 | Vaults:5 | Killed a gnoll sergeant
  5676 | Vaults:5 | Killed a gnoll sergeant
  5684 | Vaults:5 | Killed a gnoll sergeant
  5686 | Vaults:5 | Killed a gnoll sergeant
  5690 | Vaults:5 | Killed a gnoll sergeant
  5690 | Vaults:5 | Killed a gnoll sergeant
  5691 | Vaults:5 | Killed a gnoll sergeant
  5699 | Vaults:5 | Killed a gnoll sergeant
  5708 | Vaults:5 | Killed a gnoll sergeant
  5762 | Vaults:5 | Killed a gnoll sergeant
  5792 | Vaults:5 | Got a flickering jade amulet
  5799 | Vaults:5 | Got a pitted zirconium amulet
  5801 | Vaults:5 | Got a faintly glowing diamond amulet
  5854 | Vaults:5 | Reached ***** piety under Trog
  5860 | Vaults:5 | Received a gift from Trog
  5919 | Vaults:5 | Got a jewelled quarterstaff {god gift}
  5925 | Vaults:5 | Identified the +8 quarterstaff of Royalism {flame, MR+ Int+4} (Trog gifted it to you on level 5 of the Vaults)
  6095 | Vaults:5 | Found Vilut's Distillery.
  6126 | Vaults:5 | Bought 2 potions of curing for 96 gold pieces
  6126 | Vaults:5 | Bought a potion of mutation for 40 gold pieces
  6126 | Vaults:5 | Bought a potion of curing for 48 gold pieces
  6126 | Vaults:5 | Bought 2 potions of curing for 96 gold pieces
  6126 | Vaults:5 | Bought a potion of haste for 160 gold pieces
  6126 | Vaults:5 | Bought a potion of might for 64 gold pieces
  6126 | Vaults:5 | Bought a potion of curing for 48 gold pieces
  6126 | Vaults:5 | Gained mutation: You have supernaturally acute eyesight. (SInv) [potion of mutation]
  6126 | Vaults:5 | Gained mutation: You are weak. (Str -2) [potion of mutation]
  6126 | Vaults:5 | Gained mutation: You are robust. (+10% HP) [potion of mutation]
  6127 | Vaults:5 | Gained mutation: You have large cloven feet. [potion of mutation]
  6127 | Vaults:5 | Gained mutation: You are very robust. (+20% HP) [potion of mutation]
  6127 | Vaults:5 | Gained mutation: Your body sometimes deteriorates upon taking damage. [potion of mutation]
  6282 | Vaults:5 | Identified the amulet of Surprise {Regen+ Str+6} (You found it on level 5 of the Vaults)
  6284 | Vaults:5 | Identified the amulet "Mev Piwn" {Reflect Fragile +Blink Int+4 SH+2} (You found it on level 5 of the Vaults)
  6286 | Vaults:5 | Identified the amulet of Lywni {Harm *Drain +Blink rElec MR- SInv Stlth+} (You found it on level 5 of the Vaults)
  6298 | Vaults:5 | Received a gift from Trog
  6304 | Vaults:5 | Got a steaming cloak
  6306 | Vaults:5 | Got an encrusted trident
  6313 | Vaults:5 | Identified the cursed +3 trident of Yboitot {pierce, rC+ Str+4 Int+3 Dex-5} (You found it on level 5 of the Vaults)
  6324 | Vaults:5 | Identified the +2 cloak of Zaocak {Str+4 SInv} (You found it on level 5 of the Vaults)
  6332 | Vaults:5 | Got a silver rune of Zot
  6596 | D:15     | Entered Level 15 of the Dungeon
  6659 | D:15     | Found a staircase to the Depths.
  6664 | Depths:1 | Entered Level 1 of the Depths
  6798 | Depths:3 | Found a bloodstained altar of Trog.
  6974 | Depths:3 | Got a faintly glowing whip
  6977 | Depths:3 | Identified the +2 whip of Yciewka {venom, Int+2} (You found it on level 3 of the Depths)
  7146 | Depths:3 | Found a gateway to Hell.
  7332 | Depths:2 | Got a crude plate armour
  7346 | Depths:2 | Identified the +5 plate armour "Riepag" {rN++ Str+2 Dex+6} (You found it on level 2 of the Depths)
  7436 | Depths:2 | Found a one-way gate to the infinite horrors of the Abyss.
  7735 | Depths:1 | Got a glittering glass ring
  7859 | Depths:1 | Got an ichor-stained arbalest
  7865 | Depths:1 | Identified the +5 arbalest "Quni Kiv" {penet, SInv Stlth+} (You found it on level 1 of the Depths)
  8081 | D:10     | Found a staircase to the Orcish Mines.
  8090 | Orc:1    | Entered Level 1 of the Orcish Mines
  8104 | Orc:2    | Entered Level 2 of the Orcish Mines
  8142 | Orc:2    | Found Lewoj's Food Emporium.
  8144 | Orc:2    | Found Xoeff's General Store.
  8149 | Orc:2    | Bought a scroll of fog for 36 gold pieces
  8149 | Orc:2    | Bought a potion of curing for 54 gold pieces
  8165 | Orc:2    | Found a roughly hewn altar of Beogh.
  8185 | Orc:2    | Found Qorelira's Distillery.
  8186 | Orc:2    | Found Jifuaw's Jewellery Emporium.
  8192 | Orc:2    | Bought an uncursed ring of magical power for 260 gold pieces
  8202 | Orc:2    | Bought a potion of cancellation for 96 gold pieces
  8202 | Orc:2    | Bought a potion of mutation for 30 gold pieces
  8202 | Orc:2    | Bought a potion of curing for 36 gold pieces
  8202 | Orc:2    | Gained mutation: You tend to lose your temper in combat. [potion of mutation]
  8202 | Orc:2    | Lost mutation: You have large cloven feet. [potion of mutation]
  8202 | Orc:2    | Lost mutation: Your body sometimes deteriorates upon taking damage. [potion of mutation]
  8203 | Orc:2    | Lost mutation: You have supernaturally acute eyesight. (SInv) [potion of cure mutation]
  8203 | Orc:2    | Lost mutation: You tend to lose your temper in combat. [potion of cure mutation]
  8203 | Orc:2    | Lost mutation: You are very robust. (+20% HP) [potion of cure mutation]
  8203 | Orc:2    | Lost mutation: You are weak. (Str -2) [potion of cure mutation]
  8203 | Orc:2    | Lost mutation: You are robust. (+10% HP) [potion of cure mutation]
  8204 | Orc:2    | Bought a potion of flight for 36 gold pieces
  8204 | Orc:2    | Bought a potion of magic for 96 gold pieces
  8204 | Orc:2    | Bought a potion of might for 48 gold pieces
  8204 | Orc:2    | Bought a potion of curing for 36 gold pieces
  8204 | Orc:2    | Bought a potion of curing for 36 gold pieces
  8204 | Orc:2    | Bought a potion of flight for 36 gold pieces
  8211 | Orc:2    | Found a staircase to the Elven Halls.
  8820 | D:8      | Found a staircase to the Lair.
  8848 | Lair:1   | Entered Level 1 of the Lair of Beasts
  8977 | Lair:2   | Found a staircase to the Snake Pit.
  8988 | Snake:1  | Entered Level 1 of the Snake Pit
  8988 | Snake:1  | Found a blossoming altar of Fedhas.
  9227 | Snake:3  | Identified the ring "Wesufoc" {rC+ rN+} (You found it on level 1 of the Depths)
  9248 | Snake:4  | Entered Level 4 of the Snake Pit
  9319 | Snake:4  | Reached ****** piety under Trog
  9350 | Snake:4  | Got a serpentine rune of Zot
  9679 | Lair:3   | Got a pair of polished gloves
  9690 | Lair:3   | Identified the +0 pair of gloves of Impermeability {rElec rC+ Int-2 Stlth+} (You acquired it on level 3 of the Lair of Beasts)
  9771 | Lair:6   | Entered Level 6 of the Lair of Beasts
 10471 | Lair:5   | Received a gift from Trog
 10601 | Lair:5   | Found a staircase to the Slime Pits.
 10602 | Lair:5   | Found a viscous altar of Jiyva.
 10610 | Slime:1  | Entered Level 1 of the Pits of Slime
 10658 | Slime:5  | Entered Level 5 of the Pits of Slime
 10681 | Slime:5  | Found a viscous altar of Jiyva.
 10681 | Slime:5  | Noticed a gnoll sergeant
 10699 | Slime:5  | Killed a gnoll sergeant
 10731 | Slime:5  | Got a slimy rune of Zot
 10759 | Slime:5  | Got a dazzling falchion
 10963 | Lair:3   | Identified the +4 falchion "Quyxkul" {flame, rF+ rN+ MR+ Str-2} (You found it on level 5 of the Pits of Slime)
 11034 | Lair:3   | Found a staircase to the Shoals.
 11049 | Shoals:1 | Entered Level 1 of the Shoals
 11089 | Shoals:4 | Entered Level 4 of the Shoals
 11105 | Shoals:4 | Got a barnacled rune of Zot
 11123 | Shoals:2 | Received a gift from Trog
 11596 | Depths:3 | Found a one-way gate leading to the halls of Pandemonium.
 11614 | Pan      | Entered Pandemonium
 11614 | Pan      | Found an exit through the horrors of the Abyss.
 11796 | Pan      | Found an exit through the horrors of the Abyss.
 11940 | Pan      | Got an ancient ring mail
 11942 | Pan      | Identified the +5 ring mail "Ybajohusun" {rElec rPois Regen+ Int-4} (You found it in Pandemonium)
 11958 | Pan      | Found an exit through the horrors of the Abyss.
 12196 | Pan      | Found an exit through the horrors of the Abyss.
 12230 | Pan      | Received a gift from Trog
 12682 | Pan      | Found a runed door.
 12684 | Pan      | Found a runed door.
 12694 | Pan      | Found a runed door.
 12703 | Pan      | Found a runed door.
 12823 | Pan      | Found an exit through the horrors of the Abyss.
 13019 | Pan      | Got a demonic rune of Zot
 13181 | Depths:3 | Escaped Pandemonium
 13183 | Pan      | Entered Pandemonium
 13283 | Depths:3 | Escaped Pandemonium
 13285 | Pan      | Entered Pandemonium
 13329 | Pan      | Received a gift from Trog
 13357 | Pan      | Identified the Reference Book on Curses and Moulding
 13418 | Pan      | Got a pitted falchion
 13421 | Pan      | Identified the +10 falchion of Oroi {speed, rF+ rC+ Int+3} (You found it in Pandemonium)
 13476 | Pan      | Found an exit through the horrors of the Abyss.
 13654 | Pan      | Found an exit through the horrors of the Abyss.
 14145 | Depths:3 | Escaped Pandemonium
 14147 | Pan      | Entered the realm of Mnoleg.
 14147 | Pan      | Entered Pandemonium
 14278 | Pan      | Received a gift from Trog
 14295 | Pan      | Got a glowing rune of Zot
 14400 | Pan      | Got a pitted ice dragon armour
 14470 | Pan      | Identified the +8 ice dragon armour "Oqus" {rF- rC++ MP-9 Int+3 Slay+3} (You found it in Pandemonium)
 14472 | Pan      | Got a faintly humming hat
 14473 | Pan      | Identified the +0 hat of Kyna {rPois rF- Regen+ rCorr} (You acquired it in Pandemonium)
 14540 | Pan      | Found an exit through the horrors of the Abyss.
 14633 | Pan      | Found an exit through the horrors of the Abyss.
 14738 | Pan      | Found an exit through the horrors of the Abyss.
 14985 | Pan      | Found an exit through the horrors of the Abyss.
 15110 | Pan      | Entered the realm of Cerebov.
 15197 | Pan      | Got a crude hand axe
 15198 | Pan      | Identified the +2 hand axe "Usumm" {chop, *Noise rPois Dex+6 Stlth+} (You found it in Pandemonium)
 15300 | Pan      | Got a fiery rune of Zot
 15320 | Pan      | Gained mutation: You are partially covered in iridescent scales. (AC +2) [potion of beneficial mutation]
 15322 | Pan      | Got a scorched amethyst amulet
 15323 | Pan      | Identified the amulet of Ozor {Inacc rElec rF- Int+2 Dex+6} (You found it in Pandemonium)
 15326 | Pan      | Got an ancient falchion
 15331 | Pan      | Identified the +2 falchion of the Final Chapter {slice, Int+4 Dex+2} (You found it in Pandemonium)
 15385 | Pan      | Received a gift from Trog
 15388 | Pan      | Got a jacinth-encrusted chain mail
 15389 | Pan      | Identified the +8 chain mail of Duty {Int+2} (You found it in Pandemonium)
 15429 | Pan      | Got an ancient whip
 15432 | Pan      | Identified the +6 whip of Day {slash, rN+ Stlth+} (You found it in Pandemonium)
 15495 | Pan      | Found an exit through the horrors of the Abyss.
 15604 | Pan      | Entered the realm of Lom Lobon.
 15671 | Pan      | Found an exit through the horrors of the Abyss.
 15807 | Pan      | Got a magical rune of Zot
 15834 | Pan      | Found an exit through the horrors of the Abyss.
 15949 | Pan      | Entered the realm of Gloorx Vloq.
 15987 | Pan      | Got a dark rune of Zot
 16054 | Pan      | Found an exit through the horrors of the Abyss.
 16061 | Pan      | Took an exit into the Abyss.
 16061 | Abyss:1  | Escaped into the Abyss
 16061 | Abyss:1  | Found a corrupted altar of Lugonu.
 16090 | Abyss:2  | Found a corrupted altar of Lugonu.
 16247 | Abyss:4  | Found a corrupted altar of Lugonu.
 16252 | Abyss:4  | Got an abyssal rune of Zot
 16269 | Abyss:5  | Entered Level 5 of the Abyss
 16318 | Depths:3 | Escaped the Abyss
 16344 | Depths:4 | Found a corrupted altar of Lugonu.
 16434 | Depths:4 | Received a gift from Trog
 16495 | Hell     | Entered the Vestibule of Hell
 16516 | Hell     | Found a gateway to the freezing wastes of Cocytus.
 16532 | Coc:1    | Entered Level 1 of Cocytus
 16944 | Coc:7    | Entered Level 7 of Cocytus
 17064 | Coc:7    | Got a bloodstained quarterstaff
 17109 | Coc:7    | Got an icy rune of Zot
 17128 | Coc:7    | Received a gift from Trog
 17235 | Hell     | Found a gateway to the Iron City of Dis.
 17240 | Dis:1    | Entered Level 1 of the Iron City of Dis
 17831 | Dis:3    | Received a gift from Trog
 18052 | Dis:7    | Entered Level 7 of the Iron City of Dis
 18268 | Dis:7    | Got an encrusted rapier
 18290 | Dis:7    | Identified the +6 rapier "Newtbane" {pierce, rElec rPois} (You found it on level 7 of the Iron City of Dis)
 18292 | Dis:7    | Identified the +0 quarterstaff of Xeummaz {holy, rElec rF+++ rC- Stlth+} (You found it on level 7 of Cocytus)
 18364 | Dis:7    | Got an iron rune of Zot
 18468 | Hell     | Found a gateway to the ashen valley of Gehenna.
 18474 | Geh:1    | Entered Level 1 of Gehenna
 18744 | Geh:2    | Received a gift from Trog
 18746 | Geh:2    | Found a huge runed gate.
 18746 | Geh:2    | Found a huge runed gate.
 18746 | Geh:2    | Found a huge runed gate.
 18746 | Geh:2    | Found a huge runed gate.
 18748 | Geh:2    | Found a huge runed gate.
 18749 | Geh:2    | Found a huge runed gate.
 18749 | Geh:2    | Found a huge runed gate.
 18750 | Geh:2    | Found a huge runed gate.
 18751 | Geh:2    | Found a huge runed gate.
 19128 | Geh:7    | Entered Level 7 of Gehenna
 19315 | Geh:7    | Received a gift from Trog
 19381 | Geh:7    | Got an obsidian rune of Zot
 19496 | Hell     | Found a gateway to the decaying netherworld of Tartarus.
 19503 | Tar:1    | Entered Level 1 of Tartarus
 19652 | Tar:1    | Noticed an eldritch tentacle
 19882 | Tar:3    | Killed an eldritch tentacle
 19978 | Tar:5    | Lost intelligence.
 20117 | Tar:6    | Received a gift from Trog
 20146 | Tar:7    | Entered Level 7 of Tartarus
 20181 | Tar:7    | Noticed an eldritch tentacle
 20232 | Tar:7    | Killed an eldritch tentacle
 20246 | Tar:7    | Got a bone rune of Zot
 20374 | Depths:5 | Entered Level 5 of the Depths
 20412 | Depths:5 | Found a gate to the Realm of Zot.
 20417 | Zot:1    | Entered Level 1 of the Realm of Zot
 20484 | Zot:3    | Noticed a gnoll shaman
 20487 | Zot:3    | Killed a gnoll shaman
 20527 | Zot:3    | Got a pair of twisted boots
 20533 | Zot:3    | Identified the cursed +0 pair of boots of Kodghasi {rElec Dex+6 Stlth-} (You found it on level 3 of the Realm of Zot)
 20634 | Zot:5    | Entered Level 5 of the Realm of Zot
 20778 | Zot:5    | Noticed a gnoll sergeant
 20778 | Zot:5    | Noticed a gnoll shaman
 20783 | Zot:5    | Killed a gnoll shaman
 20790 | Zot:5    | Killed a gnoll sergeant
 20790 | Zot:5    | Received a gift from Trog
 20819 | Zot:5    | Noticed a gnoll sergeant
 20824 | Zot:5    | Killed a gnoll sergeant
 20848 | Zot:5    | Got the Orb of Zot
 21039 | Zot:1    | Noticed a gnoll shaman
 21041 | Zot:1    | Killed a gnoll shaman
 21392 | D:10     | Noticed a gnoll sergeant
 21449 | D:7      | Noticed a gnoll shaman
 21624 | D:3      | Noticed a gnoll sergeant
 21637 | D:3      | Killed a gnoll sergeant
 21690 | D:$      | Escaped with the Orb!

Action                   || total
-------------------------++-------
Melee: Falchion          ||  1012
       Quarterstaff      ||   650
       Mace              ||   578
       Headbutt          ||   549
       Demon blade       ||   157
       Flail             ||    68
       Kick              ||    26
       Dagger            ||    15
       Whip              ||     4
       Spear             ||     4
       Trident           ||     2
Invok: Berserk           ||    44
       Trog's Hand       ||    43
       Burn Spellbooks   ||    29
       Brothers in Arms  ||     2
 Abil: Evoke Flight      ||    12
       Stop Flying       ||     1
Evoke: Wand              ||    39
  Use: Scroll            ||    76
       Potion            ||    31
 Stab: Paralysed         ||     1
  Eat: Bread ration      ||     1
Armor: Chain mail        ||  1137
       Plate armour      ||   519
       Scale mail        ||    42
Dodge: Dodged            ||  1096
Block: Shield            ||   228
